 Dungeon Crawl Stone Soup version 0.25-a0-458-g6fc7858b95 (webtiles) character file.

Game seed: 4383012560728606134, levelgen mode: deterministic

467272 mopl the Imperceptible (level 23, -3/210 HPs)
             Began as a Deep Elf Assassin on Feb 1, 2020.
             Was the Champion of Kikubaaqudgha.
             Killed from afar by a Brimstone Fiend (41 damage)
             ... with damnation
             ... on level 1 of the Depths on Feb 3, 2020.
             The game lasted 03:35:21 (65365 turns).

mopl the Imperceptible (Deep Elf Assassin)         Turns: 65365, Time: 03:35:22

Health: -3/210     AC: 14    Str: 15    XL:     23   Next: 47%
Magic:  42/42      EV: 30    Int: 32    God:    Kikubaaqudgha [******]
Gold:   4826       SH: 10    Dex: 24    Spells: 9/48 levels left

rFire    + + .     SeeInvis +   b - +7 Spriggan's Knife {stab, EV+4 Stlth+}
rCold    + . .     Gourm    .   z - +3 warlock's mirror {reflect}
rNeg     + + .     Faith    .   D - +2 robe of Cycylluz {+Inv rN+}
rPois    +         Spirit   .   Z - +0 mask of the Dragon {MR+ Slay+3 SInv}
rElec    .         Reflect  +   f - +2 cloak {MR+}
rCorr    .         Harm     .   u - +2 pair of gloves "Meama" {Int+8}
MR       ++++.                  p - +2 pair of boots
Stlth    ..........             P - amulet of the acrobat
HPRegen  0.45/turn              B - ring "Zamil" {rF++ Int+3 Dex+4 Stlth+, =R}
MPRegen  0.28/turn              t - ring of Xixtyuga {rPois rC+ rN+}

@: berserking, very quick
A: no striking features
}: 2/15 runes: decaying, gossamer
a: Receive Corpses, Torment, Renounce Religion, Evoke Invisibility


You were on level 1 of the Depths.
You worshipped Kikubaaqudgha.
Kikubaaqudgha was exalted by your worship.
You were not hungry.

You visited 10 branches of the dungeon, and saw 43 of its levels.
You also visited: Bailey, Gauntlet, Ice Cave and Desolation.

You collected 7595 gold pieces.
You spent 2769 gold pieces at shops.

Inventory:

Hand Weapons
 a - a +9 quick blade of pain
 b - the +7 Spriggan's Knife (weapon) {stab, EV+4 Stlth+}
   (You found it on level 1 of the Swamp)

   It affects your evasion (+4).
   It makes you more stealthy.
 Y - the +8 demon blade "Leech" {vamp, rN+ AC-3 EV-3}
   (You found it on level 3 of the Lair of Beasts)

   It inflicts no extra harm, but heals its wielder when it wounds a living foe.
   It affects your AC (-3).
   It affects your evasion (-3).
   It protects you from negative energy.
Missiles
 e - 4 curare-tipped darts
 L - 53 boomerangs (quivered)
 M - 3 datura-tipped darts
 S - a throwing net
Armour
 f - a +2 cloak of magic resistance (worn)
 p - a +2 pair of boots (worn)
 u - the +2 pair of gloves "Meama" (worn) {Int+8}
   (You found it in a Gauntlet)

   It affects your intelligence (+8).
   If you remove this armour, your AC will fall 4 points (14 -> 10)
 z - the +3 warlock's mirror (worn) {reflect}
   (You found it in the Desolation of Salt)

   If you remove this armour, your AC will rise 0 points (14 -> 14)
 D - the +2 robe of Cycylluz (worn) {+Inv rN+}
   (You found it on level 11 of the Dungeon)

   It protects you from negative energy.
   It lets you turn invisible.
   If you remove this armour, your AC will fall 5 points (14 -> 9)
 Z - the +0 mask of the Dragon (worn) {MR+ Slay+3 SInv}
   (You found it in a bailey)

   It affects your accuracy and damage with ranged weapons and melee attacks
   (+3).
   It affects your resistance to hostile enchantments.
   It lets you see invisible.
   If you remove this armour, your AC will rise 0 points (14 -> 14)
Jewellery
 t - the ring of Xixtyuga (right hand) {rPois rC+ rN+}
   (You found it on level 6 of the Lair of Beasts)

   [ring of poison resistance]

   It protects you from cold.
   It protects you from poison.
   It protects you from negative energy.
 B - the ring "Zamil" (left hand) {rF++ Int+3 Dex+4 Stlth+, =R}
   (You found it on level 4 of the Lair of Beasts)

   [ring of intelligence]

   It affects your intelligence (+3).
   It affects your dexterity (+4).
   It greatly protects you from fire.
   It makes you more stealthy.
 P - an amulet of the acrobat (around neck)
Wands
 d - a wand of enslavement (27)
 l - a wand of iceblast (16)
 y - a wand of digging (33)
 E - a wand of acid (23)
 I - a wand of paralysis (24)
 U - a wand of scattershot (5)
 V - a wand of clouds (7)
Scrolls
 m - 13 scrolls of teleportation
 r - 15 scrolls of remove curse
 w - 4 scrolls of fog
 x - a scroll of identify
 A - 9 scrolls of magic mapping
 J - 4 scrolls of fear
 K - 5 scrolls of blinking
 O - 2 scrolls of vulnerability
 X - a scroll of enchant weapon
Potions
 i - 7 potions of haste
 j - 6 potions of brilliance
 k - 21 potions of curing
 n - 11 potions of might
 o - 2 potions of berserk rage {!q}
 q - 12 potions of ambrosia
 s - 8 potions of flight
 v - 5 potions of agility
 F - 3 potions of invisibility
 N - 7 potions of heal wounds
 Q - 3 potions of resistance
 T - 2 potions of magic
Miscellaneous
 g - 3 boxes of beasts
 h - a lightning rod (4/4)
 C - a fan of gales
 G - a phial of floods
 H - 2 phantom mirrors
 W - a lamp of fire
Comestibles
 c - 68 rations


   Skills:
 + Level 13.0 Fighting
 * Level 18.4 Short Blades
 + Level 15.0 Throwing
 + Level 5.1 Armour
 + Level 14.0 Dodging
 * Level 22.8 Stealth
 + Level 6.7 Shields
 - Level 13.0 Spellcasting
 + Level 16.5 Necromancy
 - Level 6.0 Translocations
 - Level 8.0 Ice Magic
 + Level 13.3 Evocations


You had 9 spell levels left.
You knew the following spells:

 Your Spells              Type           Power        Failure   Level  Hunger
a - Apportation           Tloc           ######       1%          1    None
b - Vampiric Draining     Necr           #######...   0%          3    None
c - Corpse Rot            Necr/Air       N/A          1%          2    None
d - Dispel Undead         Necr           #######.     1%          4    None
e - Blink                 Tloc           N/A          1%          2    None
f - Death Channel         Necr           #######...   1%          6    ####...
s - Simulacrum            Ice/Necr       #######...   2%          6    ####...
t - Agony                 Necr           #######.     1%          5    None
w - Sublimation of Blood  Necr           #######...   0%          2    None
x - Animate Dead          Necr           N/A          1%          4    None
P - Passage of Golubria   Tloc           N/A          1%          4    None

Your spell library contained the following spells:

 Spells                   Type           Power        Failure   Level  Hunger
 Animate Skeleton         Necr           N/A          0%          1    None
 Pain                     Necr           ####         0%          1    None
 Shroud of Golubria       Chrm/Tloc      #####.       1%          2    None
 Gell's Gravitas          Tloc           ######....   1%          3    None
 Lesser Beckoning         Tloc           ######....   1%          3    None
 Ozocubu's Armour         Chrm/Ice       #####...     1%          3    None
 Portal Projectile        Hex/Tloc       #####.       1%          3    None
 Excruciating Wounds      Chrm/Necr      ######....   1%          5    None
 Beastly Appendage        Tmut           ###...       2%          1    None
 Corona                   Hex            ###....      2%          1    None
 Foxfire                  Conj/Fire      ###.         2%          1    None
 Infusion                 Chrm           ###.         2%          1    None
 Magic Dart               Conj           ###.         2%          1    None
 Shock                    Conj/Air       ###.         2%          1    None
 Sting                    Tmut/Pois      ###.         2%          1    None
 Summon Butterflies       Summ           ###.....     2%          1    None
 Summon Small Mammal      Summ           ###.         2%          1    None
 Call Imp                 Summ           ###.....     3%          2    None
 Poisonous Vapours        Pois/Air       ###...       3%          2    None
 Searing Ray              Conj           ###...       3%          2    None
 Slow                     Hex            ###.....     3%          2    None
 Song of Slaying          Chrm           ###.....     3%          2    None
 Sticks to Snakes         Tmut           ###.....     3%          2    None
 Swiftness                Chrm/Air       ###.....     3%          2    None
 Ice Form                 Ice/Tmut       #####...     4%          4    None
 Summon Ice Beast         Ice/Summ       #####...     4%          4    None
 Iskenderun's Mystic Bla  Conj/Tloc      #####...     6%          4    None
 Call Canine Familiar     Summ           ###.....     7%          3    None
 Confusing Touch          Hex            ###.....     7%          3    None
 Conjure Flame            Conj/Fire      ###.....     7%          3    None
 Dazzling Flash           Conj/Hex       ###...       7%          3    None
 Ignite Poison            Fire/Tmut/Pois ###.....     7%          3    None
 Mephitic Cloud           Conj/Pois/Air  ###.....     7%          3    None
 Spectral Weapon          Hex/Chrm       ###.....     7%          3    None
 Spider Form              Tmut/Pois      ###.......   7%          3    None
 Static Discharge         Conj/Air       ###.....     7%          3    None
 Summon Guardian Golem    Hex/Summ       ###.....     7%          3    None
 Tukima's Dance           Hex            ###.....     7%          3    None
 Metabolic Englaciation   Hex/Ice        #####.....   12%         5    None
 Summon Forest            Summ/Tloc      #####.....   19%         5    None
 Airstrike                Air            ###.......   22%         4    None
 Fulminant Prism          Conj/Hex       ###.......   22%         4    None
 Leda's Liquefaction      Hex/Erth       ###.......   22%         4    None
 Olgreb's Toxic Radiance  Pois           ###.....     22%         4    None
 Petrify                  Tmut/Erth      ###.....     22%         4    None
 Sticky Flame             Conj/Fire      ###.....     22%         4    None
 Summon Lightning Spire   Summ/Air       ###.....     22%         4    None
 Dispersal                Tloc           ######....   28%         6    ####...
 Alistair's Intoxication  Tmut/Pois      ###.....     52%         5    None
 Blade Hands              Tmut           ###.......   52%         5    None
 Bolt of Magma            Conj/Fire/Erth ###.......   52%         5    None
 Fireball                 Conj/Fire      ###.......   52%         5    None
 Irradiate                Conj/Tmut      ###.......   52%         5    None
 Iskenderun's Battlesphe  Conj/Chrm      ###.....     52%         5    None
 Lightning Bolt           Conj/Air       ###.......   52%         5    None
 Silence                  Hex/Air        ###.......   52%         5    None
 Summon Mana Viper        Hex/Summ       ###.....     52%         5    None
 Yara's Violent Unravell  Hex/Tmut       ###.......   52%         5    None
 Darkness                 Hex            ###.......   98%         6    ####...
 Deflect Missiles         Chrm/Air       ###.......   98%         6    ####...
 Eringya's Noxious Bog    Tmut/Pois      ###.......   98%         6    ####...
 Invisibility             Hex            ###.....     98%         6    ####...
 Iron Shot                Conj/Erth      ###.......   98%         6    ####...
 Starburst                Conj/Fire      ###.......   98%         6    ####...
 Malign Gateway           Summ/Tloc      #####.....   99%         7    #####..
 Orb of Destruction       Conj           ###.......   100%        7    #####..
 Ring of Flames           Chrm/Fire      ###.......   100%        7    #####..
 Spellforged Servitor     Conj/Summ      ###.......   100%        7    #####..
 Summon Hydra             Summ           ###.......   100%        7    #####..
 Controlled Blink         Tloc           N/A          100%        8    #######
 Discord                  Hex            ###.......   100%        8    #######
 Ignition                 Fire           ###.......   100%        8    #######
 Shatter                  Erth           ###.......   100%        9    #######


Dungeon Overview and Level Annotations

Branches:
Dungeon (15/15)            Temple (1/1) D:6            Lair (6/6) D:8
  Swamp (4/4) Lair:4       Spider (4/4) Lair:2        Slime (0/5) Lair:5
    Orc (2/2) D:9             Elf (3/3) Orc:2        Vaults (3/5) D:14
  Crypt (3/3) Vaults:2       Tomb (0/3) Crypt:3      Depths (2/5) D:15
 Bailey (visited)           IceCv (visited)         Desolation (visited)
Gauntlet (visited)

Altars:
Ashenzari
Cheibriados
Dithmenos
Elyvilon
Fedhas
Gozag
Hepliaklqana
Kikubaaqudgha
Makhleb
Nemelex Xobeh
Qazlal
Ru
Sif Muna
Trog
Uskayaw
Vehumet
Wu Jian
Xom
Yredelemnul
The Shining One
Beogh
Jiyva

Shops:
D:7 (   D:14 }}([   D:15 *   Orc:2 *}(}   Elf:3 %(!   Vaults:1 }   Vaults:3 %

Portals:
Hell: Depths:1
Pandemonium: Depths:1

Annotations:
Elf:3 ?BW + faith
Vaults:2 ?EW + mut
Crypt:1 ?EW
Depths:1 3 runed translucent doors


Message History

The Brimstone Fiend hits you but does no damage.
The Brimstone Fiend hits you. The Brimstone Fiend hits you!
Throwing (i - inventory. (/) - cycle)
L - 53 boomerangs (quivered)
Press: ? - help, Shift-Dir - straight line, f/p - Brimstone Fiend
Aim: a Brimstone Fiend (almost dead)
You throw a boomerang. The boomerang hits the Brimstone Fiend!
The Brimstone Fiend is almost dead.
The Brimstone Fiend gestures at you.
The sphere of damnation explodes!
The damnation engulfs you!!
* * * LOW HITPOINT WARNING * * *
The damnation engulfs the Brimstone Fiend.
The Brimstone Fiend completely resists.
Okay, then.
Really quaff
o - 3 potions of berserk rage {!q}?
A red film seems to cover your vision as you go berserk!
You feel yourself moving faster!
You feel mighty! The Brimstone Fiend gestures at you.
The sphere of damnation explodes!
The damnation engulfs you!!!
You die...
Kikubaaqudgha rasps: "You have failed me!
Welcome... death!"

.2.. .4.. .... 444. ...4 #######
####### ..2.##.....# #......
#'''#......################......
#..3'....((..)(1@.........'......
#+++#...)..################......
.133##.....# ####'## .... #######
##### #..# ..33 #...# ##.# 3..2
#### #...# #.# 2..1
#..####..)####.# ....
######..#...#.#Z.Z### ##########
#....Z..ZZ.Z.#..ZZZ..


You could see a Brimstone Fiend.

Vanquished Creatures
  2 ancient liches (Crypt:3)
  A greater mummy (Crypt:3)
  Margery (Vaults:2)
  Saint Roka (Orc:2)
  Arachne (Spider:4)
  A shard shrike zombie (Crypt:1)
  An Ice Fiend (Depths:1)
  3 deep elf blademasters
  2 liches
  A deep elf master archer (Elf:3)
  4 thorn hunters
  4 revenants
  A tengu reaver (Vaults:2)
  8 deep elf sorcerers
  4 imperial myrmidons (Desolation)
  A ghost moth (Spider:4)
  3 frost giants
  2 deep elf elementalists (Elf:3)
  9 vault wardens
  7 emperor scorpions
  Aizul (Spider:3)
  A balrug (Depths:1)
  3 reapers (Crypt:3)
  3 curse skulls
  7 ironheart preservers
  5 very ugly things (Depths:1)
  8 stone giants
  A war gargoyle (D:14)
  4 entropy weavers
  6 ghouls
  4 deep elf annihilators (Elf:3)
  A green draconian (Swamp:1)
  5 deep elf demonologists (Elf:3)
  6 vampire knights
  2 halazid warlocks (Desolation)
  10 deep elf death magi
  2 blizzard demons (Depths:1)
  A minotaur (Gauntlet)
  3 ettins (Depths:1)
  5 fire dragons
  6 jiangshi
  5 yaktaur captains
  9 eidola
  3 great orbs of eyes
  6 servants of whispers (Desolation)
  7 ice dragons
  6 deep elf high priests (Elf:3)
  16 hydras
  9 ragged hierophants (Desolation)
  Erolcha (Orc:1)
  16 ogre magi
  11 vault guards
  5 rakshasas
  2 shambling mangroves
  6 centaur warriors
  The ghost of Torious the Destroyer, a journeyman DECj of Sif Muna (Lair:4)
  14 peacekeepers
  Erica (D:8)
  3 ghost crabs
  46 two-headed ogres
  A small abomination (Elf:3)
  10 death yaks
  A queen ant (Lair:2)
  2 tengu warriors (D:13)
  7 alligators
  3 death knights
  4 vampire magi
  An orc high priest (Elf:1)
  24 dancing weapons
  4 soul eaters
  A deep troll earth mage (Vaults:2)
  Nergalle (Orc:1)
  6 sun demons (Depths:1)
  15 deep elf knights
  3 hell knights (Vaults:2)
  Sonja (Lair:4)
  A titan skeleton (Crypt:3)
  4 shadow wraiths
  8 skeletal warriors (Vaults:2)
  2 golden dragon zombies
  A storm dragon skeleton (Crypt:3)
  An infernal demonspawn (Depths:1)
  4 spriggan druids
  A spark wasp zombie (Crypt:2)
  An unseen horror (Vaults:1)
  2 flayed ghosts
  A death drake (Depths:2)
  3 wizards
  A glowing orange brain (shapeshifter) (Vaults:2)
  2 spectral hydras (Swamp:4)
  4 deep trolls (Vaults:2)
  9 swamp dragons
  A glowing orange brain (Vaults:2)
  15 necromancers
  20 phantasmal warriors
  A wolf spider zombie (Crypt:3)
  13 deep elf archers
  A golden dragon skeleton (Crypt:1)
  28 wolf spiders
  2 anaconda skeletons (Crypt:3)
  A wolf spider (shapeshifter) (Vaults:1)
  11 ironbrand convokers
  An iron dragon zombie (Crypt:3)
  2 frost giant zombies (Crypt:3)
  9 orc knights
  10 orb spiders
  54 ugly things
  A manticore (D:12)
  4 orc sorcerers
  54 deep elf magi
  3 stone giant zombies
  5 cyclopes
  6 oklob plants
  3 fire giant zombies
  4 moths of wrath
  A shadow dragon skeleton (Crypt:3)
  2 guardian serpents (Desolation)
  An iron dragon skeleton (Crypt:3)
  A fire giant skeleton (Crypt:3)
  A stone giant skeleton (Vaults:2)
  6 black mambas
  13 vault sentinels
  6 elephants
  5 naga magi (D:13)
  A shock serpent zombie (Crypt:2)
  An ice statue (IceCv)
  A grey draconian zombie (Crypt:2)
  2 shock serpent skeletons
  A catoblepas zombie (Crypt:3)
  29 spiny frogs
  2 rime drakes (Lair:6)
  A rime drake (shapeshifter) (D:14)
  6 komodo dragons
  12 freezing wraiths
  An efreet (D:14)
  13 hellwings (Crypt:3)
  27 yaktaurs
  8 ice devils
  7 demonic crawlers
  A yaktaur skeleton (Vaults:2)
  A red devil (Depths:1)
  A tengu conjurer (D:14)
  17 polar bears
  11 trolls
  A troll (shapeshifter) (Depths:1)
  26 jumping spiders
  A hydra zombie (Swamp:4)
  A meliai (Spider:3)
  A queen bee (Spider:3)
  2 death drake zombies (Swamp:4)
  12 hornets
  12 tyrant leeches
  2 hydra skeletons (Swamp:4)
  A hornet (shapeshifter) (Vaults:2)
  8 hippogriffs
  52 saltlings (Desolation)
  Prince Ribbit (D:5)
  25 blink frogs
  A death drake skeleton (Swamp:4)
  A raiju (Depths:2)
  An ettin zombie (Crypt:1)
  4 bog bodies
  40 slime creatures
  5 ice dragon zombies (Crypt:3)
  A hippogriff (shapeshifter) (Depths:1)
  A fire dragon zombie (Crypt:3)
  An ice dragon skeleton (Crypt:1)
  A centaur simulacrum (D:14)
  2 vampires (D:11)
  A guardian serpent skeleton (Crypt:1)
  68 redbacks
  10 wraiths
  A shadow (Depths:1)
  4 basilisks
  22 tarantellas
  2 water elementals (Elf:3)
  78 yaks
  An ettin skeleton (Crypt:3)
  8 spriggans
  An air elemental (Elf:3)
  8 wyverns
  A basilisk (shapeshifter) (Vaults:3)
  2 hungry ghosts
  Grum (D:9)
  A black mamba skeleton (Crypt:3)
  A human simulacrum (Vaults:1)
  30 vampire mosquitoes
  A swamp worm (shapeshifter) (Depths:1)
  15 insubstantial wisps
  9 wargs
  17 swamp worms
  A monstrous demonspawn zombie (Crypt:3)
  7 soldier ants
  5 hell hounds
  A spiny frog zombie (Crypt:3)
  2 acid dragons
  A hydra simulacrum (Swamp:4)
  5 porcupines
  A swamp dragon zombie (Swamp:4)
  A deep troll skeleton (Vaults:2)
  17 water moccasins
  2 ice beasts
  39 orc warriors
  5 sky beasts
  10 swamp drakes
  An eye of draining (D:13)
  3 black bears
  A manticore zombie (Crypt:3)
  6 necrophages
  4 boggarts
  43 ogres
  2 phantoms (D:7)
  A lindwurm skeleton (Crypt:1)
  A snapping turtle skeleton (Crypt:3)
  23 wolves
  3 elf skeletons
  A manticore skeleton (Crypt:1)
  A centaur (Depths:1)
  A torpor snail zombie (Crypt:1)
  A swamp dragon skeleton (Crypt:1)
  9 crocodiles
  22 bullfrogs
  3 big kobolds
  Blork the orc (D:5)
  3 earth elementals
  A wyvern zombie (D:12)
  8 wyvern skeletons
  5 scorpions
  A troll zombie (D:8)
  23 wights
  30 killer bees
  2 electric eels (Lair:1)
  A howler monkey (D:9)
  A spriggan skeleton (Crypt:1)
  5 bullfrog zombies
  6 centaur zombies
  The ghost of kae the Insei, a weakling TeTm (D:4)
  10 crimson imps
  A quasit (D:12)
  3 human zombies (D:8)
  7 hounds
  2 jellies
  21 orc priests
  3 bullfrog skeletons
  A gnoll shaman (D:5)
  2 iron imps (Depths:1)
  28 orc wizards
  6 hell rats (Lair:2)
  An iguana (D:7)
  4 centaur skeletons
  7 human skeletons
  16 worker ants
  3 tengu zombies
  A felid skeleton (Crypt:2)
  2 hound zombies
  2 hound skeletons
  5 mummies
  16 adders
  15 gnolls
  A river rat (shapeshifter) (Elf:3)
  2 shadow imps (D:12)
  A swamp drake skeleton (Crypt:2)
  A white imp (Depths:1)
  2 oozes
  A worm (D:2)
  4 leopard geckos
  90 orcs
  5 giant cockroaches
  14 goblins
  8 hobgoblins
  10 jackals
  4 quokkas
  2 ball pythons
  A ball python skeleton (D:4)
  9 bats
  5 frilled lizards
  A frilled lizard skeleton (Crypt:1)
  A giant cockroach zombie (D:6)
  A jackal zombie (D:6)
  33 kobolds
  An orc zombie (D:8)
  11 rats
  2 crawling corpses (Elf:3)
  A fungus (Lair:6)
  3 plants (Lair:2)
  3 withered plants (Crypt:3)
2034 creatures vanquished.

Vanquished Creatures (collateral kills)
  Frances (Spider:2)
  2 thorn hunters (Swamp:4)
  Agnes (Spider:1)
  A fire giant (Depths:1)
  An emperor scorpion (Spider:4)
  A ghost moth (Spider:1)
  2 reapers
  A vampire knight (Swamp:4)
  An entropy weaver (Spider:2)
  A green draconian (Swamp:1)
  A dire elephant (Gauntlet)
  A deep elf death mage (Crypt:1)
  Josephine (Spider:1)
  A fire dragon (Depths:1)
  A death ooze (Lair:4)
  5 hydras
  2 alligators
  A two-headed ogre (Vaults:2)
  A soul eater (Crypt:3)
  A sixfirhy (D:8)
  3 swamp dragons (Swamp:4)
  A spriggan druid (Swamp:4)
  4 spectral hydras
  A phantasmal warrior (Swamp:4)
  An orc knight (Vaults:3)
  An ironbrand convoker (Vaults:3)
  6 wolf spiders
  9 orb spiders
  An oklob plant (Lair:6)
  8 ugly things
  An elephant (Gauntlet)
  An orange demon (Depths:1)
  A vault sentinel (Vaults:1)
  5 yaktaurs
  4 demonic crawlers
  4 spiny frogs
  An ice devil (Depths:1)
  A hydra zombie (Swamp:4)
  A death drake zombie (Swamp:4)
  A polar bear (Lair:6)
  2 meliai (Spider:3)
  15 jumping spiders
  2 hornets (Spider:3)
  7 saltlings (Desolation)
  3 slime creatures
  A troll (D:11)
  A blink frog (Swamp:4)
  A hippogriff (Lair:6)
  A raiju (Depths:2)
  A bog body (Swamp:4)
  14 tarantellas
  4 wraiths (Spider:1)
  A wyvern (shapeshifter) (Vaults:3)
  2 water elementals (Depths:2)
  A fire elemental (Elf:1)
  41 redbacks
  5 yaks
  2 vampire mosquitoes (Swamp:4)
  A warg (Lair:3)
  A water moccasin (Lair:3)
  3 swamp drakes (Swamp:4)
  2 orc warriors
  A swamp dragon zombie (Swamp:4)
  2 wolves (Lair:3)
  An ogre (Depths:1)
  2 centaurs (Depths:1)
  3 bullfrogs
  11 killer bees (Spider:3)
  2 electric eels
  2 quasits (Depths:1)
  3 jellies (Lair:4)
  An orc (Vaults:3)
  5 fungi (Lair:6)
  3 plants (Lair:4)
229 creatures vanquished.

Vanquished Creatures (others)
  A fire giant (Depths:1)
  A deep elf sorcerer (Vaults:1)
  A hydra zombie (Swamp:4)
  A deep elf death mage (Vaults:1)
  A deep elf mage (Elf:1)
  A demonic crawler (Spider:4)
  A freezing wraith (Vaults:3)
  A saltling (Desolation)
  A fire elemental (Elf:1)
  A hell hound (Depths:2)
  3 wolves (IceCv)
  2 orcs
  3 briar patches (Swamp:4)
  25 fungi
  71 plants
  A withered plant (Crypt:3)
115 creatures vanquished.

Grand Total: 2378 creatures vanquished

Notes
Turn   | Place    | Note
-------+----------+-------------------------------------------
     0 | D:1      | mopl the Deep Elf Assassin began the quest for the Orb.
     0 | D:1      | Reached XP level 1. HP: 12/12 MP: 3/3
   107 | D:1      | Reached skill level 5 in Stealth
   127 | D:1      | Reached XP level 2. HP: 10/17 MP: 4/4
  1050 | D:1      | Reached skill level 2 in Fighting
  1050 | D:1      | Reached XP level 3. HP: 21/21 MP: 5/5
  2118 | D:2      | Reached XP level 4. HP: 17/26 MP: 6/6
  2319 | D:2      | Reached skill level 3 in Throwing
  2348 | D:2      | Found a sparkling altar of Nemelex Xobeh.
  2569 | D:3      | Found an opulent altar of Gozag.
  2739 | D:3      | Reached skill level 3 in Short Blades
  3001 | D:3      | Reached XP level 5. HP: 31/31 MP: 7/7
  3552 | D:3      | Reached skill level 6 in Stealth
  3915 | D:4      | Noticed a phantom
  4361 | D:4      | Reached XP level 6. HP: 12/36 MP: 8/8
  4775 | D:4      | Noticed kae's ghost (weakling TeTm)
  4777 | D:4      | Found a runed translucent door.
  4824 | D:4      | Reached skill level 3 in Fighting
  4824 | D:4      | Reached skill level 1 in Shields
  5003 | D:4      | Found a white marble altar of Elyvilon.
  5137 | D:5      | Entered Level 5 of the Dungeon
  5148 | D:5      | Noticed Prince Ribbit
  5153 | D:5      | Killed Prince Ribbit
  5153 | D:5      | Reached skill level 4 in Short Blades
  5153 | D:5      | Reached skill level 4 in Throwing
  5153 | D:5      | Reached XP level 7. HP: 41/41 MP: 9/9
  5683 | D:5      | Found a sparkling altar of Nemelex Xobeh.
  5794 | D:5      | Found a snail-covered altar of Cheibriados.
  5803 | D:5      | Reached skill level 2 in Shields
  5806 | D:5      | Reached skill level 7 in Stealth
  6052 | D:5      | Noticed Blork the orc
  6058 | D:5      | Killed Blork the orc
  6592 | D:6      | Reached XP level 8. HP: 48/48 MP: 10/10
  7091 | D:5      | Reached skill level 4 in Fighting
  7286 | D:6      | Reached skill level 5 in Short Blades
  7286 | D:6      | Reached skill level 5 in Throwing
  7286 | D:6      | Reached skill level 3 in Shields
  7486 | D:5      | Reached skill level 8 in Stealth
  7758 | D:6      | Reached XP level 9. HP: 52/52 MP: 11/11
  8150 | D:6      | Learned a level 2 spell: Corpse Rot
  8198 | D:6      | Found a staircase to the Ecumenical Temple.
  8231 | Temple   | Entered the Ecumenical Temple
  8287 | Temple   | Became a worshipper of Kikubaaqudgha
  8521 | D:6      | Reached skill level 1 in Necromancy
  8748 | D:6      | Reached skill level 6 in Short Blades
  8748 | D:6      | Reached skill level 6 in Throwing
  8748 | D:6      | Reached skill level 4 in Shields
  8861 | D:7      | Reached skill level 5 in Fighting
  8861 | D:7      | Reached skill level 9 in Stealth
  8861 | D:7      | Reached skill level 2 in Necromancy
  9018 | D:7      | Found Weafuex's Weapon Shoppe.
  9026 | D:7      | Bought 3 datura-tipped darts for 14 gold pieces
  9298 | D:7      | Reached skill level 3 in Necromancy
  9978 | D:8      | Noticed a sixfirhy
  9979 | D:8      | Found a runed translucent door.
 10316 | D:8      | Noticed a troll
 10323 | D:8      | Killed a troll
 10530 | D:8      | Reached skill level 4 in Necromancy
 10533 | D:8      | Reached XP level 10. HP: 39/60 MP: 9/12
 10542 | D:8      | Reached * piety under Kikubaaqudgha
 10542 | D:8      | Identified Kikubaaqudgha's Grimoire of Black Arts
                  | (Kikubaaqudgha gifted it to you on level 8 of the Dungeon)
 10542 | D:8      | Received a gift from Kikubaaqudgha
 10702 | D:8      | Learned a level 3 spell: Vampiric Draining
 10797 | D:8      | Reached skill level 7 in Throwing
 11016 | D:7      | Learned a level 4 spell: Dispel Undead
 11190 | D:8      | Reached skill level 7 in Short Blades
 11190 | D:8      | Reached skill level 10 in Stealth
 11326 | D:8      | Found a basalt altar of Yredelemnul.
 11455 | D:9      | Found a staircase to the Orcish Mines.
 11455 | D:9      | Noticed Erica
 11528 | D:8      | Killed Erica
 11528 | D:8      | Reached skill level 6 in Fighting
 11528 | D:8      | Reached skill level 5 in Necromancy
 11670 | D:8      | Found a staircase to the Lair.
 12051 | D:9      | Reached ** piety under Kikubaaqudgha
 12111 | D:9      | Noticed Grum
 12156 | D:9      | Killed Grum
 12156 | D:9      | Reached skill level 1 in Spellcasting
 12249 | D:9      | Found a roughly hewn altar of Beogh.
 12579 | D:9      | Reached skill level 2 in Spellcasting
 12579 | D:9      | Reached skill level 6 in Necromancy
 12605 | D:9      | Found a stormy altar of Qazlal.
 12605 | D:9      | Found a shadowy altar of Dithmenos.
 12606 | D:9      | Found a burning altar of Makhleb.
 12608 | D:9      | Found an ornate altar of the Wu Jian Council.
 12734 | D:9      | Reached XP level 11. HP: 60/66 MP: 15/17
 12855 | D:9      | Reached skill level 11 in Stealth
 12925 | D:9      | Reached skill level 8 in Throwing
 13000 | D:9      | Reached skill level 3 in Spellcasting
 13225 | D:10     | Entered Level 10 of the Dungeon
 13475 | D:10     | Reached *** piety under Kikubaaqudgha
 13475 | D:10     | Identified Kikubaaqudgha's Incunabulum of Evil
                  | (Kikubaaqudgha gifted it to you on level 10 of the Dungeon)
 13475 | D:10     | Received a gift from Kikubaaqudgha
 13488 | D:10     | Learned a level 4 spell: Animate Dead
 13695 | D:10     | Reached skill level 8 in Short Blades
 13711 | D:10     | Learned a level 1 spell: Apportation
 13799 | D:11     | Noticed a two-headed ogre
 13851 | D:11     | Killed a two-headed ogre
 14007 | D:11     | Reached skill level 4 in Spellcasting
 14072 | D:11     | Found a flagged portal.
 14080 | Bailey   | Entered a bailey
 14182 | Bailey   | Noticed an orc knight
 14290 | Bailey   | Found the +0 mask of the Dragon {MR+ Slay+3 SInv}
 14361 | Bailey   | Killed an orc knight
 14361 | Bailey   | Reached skill level 7 in Necromancy
 14577 | D:11     | Reached skill level 7 in Fighting
 14610 | D:11     | Reached **** piety under Kikubaaqudgha
 14682 | D:11     | Reached skill level 1 in Translocations
 14727 | D:11     | Got a steaming robe
 14750 | D:11     | Identified the +2 robe of Cycylluz {+Inv rN+} (You found it
                  | on level 11 of the Dungeon)
 14854 | D:11     | Noticed a seven-headed hydra
 14913 | D:11     | Killed a seven-headed hydra
 14913 | D:11     | Reached skill level 1 in Evocations
 15038 | D:11     | Reached skill level 2 in Translocations
 15401 | Lair:1   | Entered Level 1 of the Lair of Beasts
 15521 | Lair:1   | Found a gate leading to a gauntlet.
 15544 | Gauntlet | Entered a Gauntlet
 15544 | Gauntlet | Found a transporter.
 15547 | Gauntlet | Found a transporter.
 15548 | Gauntlet | Noticed a balrug
 15549 | Gauntlet | Found the cursed +13 scythe of Curses {drain, *Curse}
 15549 | Gauntlet | Found a transporter.
 15551 | Gauntlet | Found a transporter.
 15552 | Gauntlet | Found a transporter.
 15552 | Gauntlet | Noticed a ghost crab
 15558 | Gauntlet | Found a transporter.
 15564 | Gauntlet | Found a transporter.
 15570 | Gauntlet | Found a transporter.
 15571 | Gauntlet | Noticed a dire elephant
 15583 | Gauntlet | Noticed a blizzard demon
 15593 | Gauntlet | Found a transporter.
 15595 | Gauntlet | Noticed a death ooze
 15611 | Gauntlet | Found a transporter.
 15615 | Gauntlet | Found a transporter.
 15617 | Gauntlet | Found a runed translucent gate.
 15617 | Gauntlet | Found a runed translucent gate.
 15617 | Gauntlet | Found a runed translucent gate.
 15617 | Gauntlet | Noticed a glowing orange brain
 15618 | Gauntlet | Noticed a glowing orange brain
 15620 | Gauntlet | Noticed a brown ugly thing
 15623 | Gauntlet | Found a transporter.
 15634 | Gauntlet | Noticed a brown ugly thing
 15810 | Gauntlet | Killed a ghost crab
 15810 | Gauntlet | Reached skill level 2 in Evocations
 15819 | Gauntlet | Got a pair of distressingly furry gloves
 15830 | Gauntlet | Identified the +2 pair of gloves "Meama" {Int+8} (You found
                  | it in a Gauntlet)
 15940 | Gauntlet | Reached skill level 9 in Throwing
 15950 | Gauntlet | HP: 1/67 [dire elephant (12)]
 15958 | Gauntlet | Reached XP level 12. HP: 2/72 MP: 5/20
 15989 | Gauntlet | Killed a dire elephant
 15989 | Gauntlet | Reached skill level 12 in Stealth
 15989 | Gauntlet | Reached skill level 8 in Necromancy
 15989 | Gauntlet | Reached skill level 3 in Translocations
 15999 | Gauntlet | Got a fine tin amulet
 16006 | Gauntlet | Identified the amulet of the Messenger {Harm *Drain Int+4}
                  | (You found it in a Gauntlet)
 16307 | Gauntlet | Noticed a minotaur
 16354 | Gauntlet | Killed a minotaur
 16354 | Gauntlet | Reached skill level 9 in Short Blades
 16381 | Gauntlet | Identified Jepodd's Catalogue of Ignition and Glamour
 16387 | Gauntlet | Learned a level 2 spell: Sublimation of Blood
 17078 | Lair:1   | Reached skill level 3 in Evocations
 17680 | Lair:2   | Noticed a queen ant
 17792 | Lair:2   | Killed a queen ant
 17795 | Lair:2   | Reached skill level 4 in Evocations
 18081 | Lair:2   | Reached skill level 9 in Necromancy
 18223 | Lair:2   | Reached skill level 8 in Fighting
 18249 | Lair:2   | Identified a scroll of acquirement
 18332 | Lair:2   | Found a hole to the Spider Nest.
 18925 | Lair:3   | Noticed a six-headed hydra
 18931 | Lair:3   | Killed a six-headed hydra
 18931 | Lair:3   | Reached skill level 5 in Evocations
 19008 | Lair:3   | Reached ***** piety under Kikubaaqudgha
 19045 | Lair:3   | Noticed a death yak
 19046 | Lair:3   | Noticed a death yak
 19088 | Lair:3   | Reached skill level 13 in Stealth
 19088 | Lair:3   | Reached XP level 13. HP: 42/78 MP: 12/21
 19342 | Lair:3   | Reached skill level 10 in Throwing
 19471 | Lair:3   | Found the +8 demon blade "Leech" {vamp, rN+ AC-3 EV-3}
 19480 | Lair:3   | Reached skill level 10 in Short Blades
 20152 | Lair:4   | Noticed Sonja
 20160 | Lair:4   | Killed Sonja
 20197 | Lair:4   | Got a shimmering leather armour
 20208 | Lair:4   | Identified the cursed +1 leather armour of the Vaults {rC+
                  | Stlth+} (You found it on level 4 of the Lair of Beasts)
 20481 | Orc:1    | Entered Level 1 of the Orcish Mines
 20481 | Orc:1    | Noticed Erolcha
 20489 | Orc:1    | Killed Erolcha
 20498 | Orc:1    | Reached skill level 10 in Necromancy
 20625 | Orc:1    | Reached skill level 2 in Dodging
 20686 | Orc:1    | Reached skill level 6 in Evocations
 20900 | Orc:1    | Noticed Nergalle
 20921 | Orc:1    | Killed Nergalle
 21232 | Orc:2    | Entered Level 2 of the Orcish Mines
 21232 | Orc:2    | Found a staircase to the Elven Halls.
 22043 | Orc:2    | Reached skill level 3 in Dodging
 22469 | Orc:2    | Reached skill level 14 in Stealth
 23029 | Orc:2    | Reached skill level 11 in Short Blades
 23029 | Orc:2    | Reached XP level 14. HP: 56/84 MP: 15/22
 23152 | Orc:2    | Learned a level 5 spell: Agony
 23169 | Orc:2    | Reached skill level 4 in Dodging
 23177 | Orc:2    | Noticed Saint Roka
 23348 | Orc:2    | Reached skill level 9 in Fighting
 23351 | Orc:2    | Killed Saint Roka
 23351 | Orc:2    | Reached skill level 7 in Evocations
 23786 | Orc:2    | Found Kesumaonlu's Gadget Emporium.
 23786 | Orc:2    | Found Suidax's Assorted Antiques.
 23787 | Orc:2    | Found Uzoi's Gadget Shop.
 23787 | Orc:2    | Found Dupycewa's Weapon Emporium.
 23795 | Orc:2    | Bought a scroll labeled SUSIGG ZILOP for 21 gold pieces
 23795 | Orc:2    | Bought a scroll of identify for 42 gold pieces
 23795 | Orc:2    | Bought a scroll of identify for 42 gold pieces
 23799 | Orc:2    | Bought a wand of acid (12) for 416 gold pieces
 23800 | Orc:2    | Bought a dented ruby amulet for 105 gold pieces
 24303 | Lair:4   | Reached skill level 5 in Dodging
 24398 | Lair:4   | Found a runed translucent gate.
 24398 | Lair:4   | Found a runed translucent gate.
 24400 | Lair:4   | Found a runed translucent gate.
 24404 | Lair:4   | Noticed Torious's ghost (journeyman DECj)
 24410 | Lair:4   | Found a viscous altar of Jiyva.
 24424 | Lair:4   | Reached skill level 11 in Throwing
 24815 | Lair:4   | Reached skill level 11 in Necromancy
 24826 | Lair:4   | Reached skill level 15 in Stealth
 25000 | Lair:4   | Got a warped wooden ring
 25001 | Lair:4   | Identified the ring "Zamil" {rF++ Int+3 Dex+4 Stlth+} (You
                  | found it on level 4 of the Lair of Beasts)
 25075 | Lair:4   | Found a staircase to the Swamp.
 25469 | Lair:5   | Found a staircase to the Slime Pits.
 25469 | Lair:5   | Found a viscous altar of Jiyva.
 26651 | Lair:6   | Entered Level 6 of the Lair of Beasts
 26688 | Lair:5   | Reached ****** piety under Kikubaaqudgha
 26990 | Lair:6   | Reached skill level 12 in Short Blades
 27129 | Lair:6   | Reached skill level 8 in Evocations
 27133 | Lair:6   | Reached skill level 6 in Dodging
 27133 | Lair:6   | Reached XP level 15. HP: 80/91 MP: 6/23
 27893 | Lair:6   | Got a transparent iron ring
 27895 | Lair:6   | Identified the ring of Xixtyuga {rPois rC+ rN+} (You found
                  | it on level 6 of the Lair of Beasts)
 29346 | Lair:1   | Identified a +6 quick blade of pain (a +4 quick blade
                  | bloodied by Kikubaaqudgha)
 29346 | Lair:1   | Received a gift from Kikubaaqudgha
 29508 | D:4      | Killed kae's ghost
 30029 | D:12     | Reached skill level 16 in Stealth
 30733 | D:13     | Found a frozen archway.
 30744 | IceCv    | Entered an ice cave
 30778 | IceCv    | Reached skill level 7 in Dodging
 31280 | IceCv    | Noticed a frost giant
 31295 | IceCv    | Killed a frost giant
 31352 | IceCv    | Got a faintly glowing chain mail
 31363 | IceCv    | Identified the cursed +0 chain mail "Toxt" {-Cast rElec
                  | rCorr Stlth+} (You found it in an ice cave)
 31535 | D:13     | Reached skill level 5 in Spellcasting
 31550 | D:13     | Identified the Papyrus of Creative Fire
 31566 | D:13     | Identified Jiavimn's Disquisition on Dislocation and Stones
 31571 | D:13     | Learned a level 2 spell: Blink
 31738 | D:13     | Found a shimmering blue altar of Sif Muna.
 31742 | D:13     | Noticed a deep elf sorcerer
 31743 | D:13     | Reached skill level 12 in Necromancy
 31759 | D:13     | Killed a deep elf sorcerer
 31759 | D:13     | Reached skill level 9 in Evocations
 31773 | D:13     | Reached skill level 10 in Fighting
 31774 | D:13     | Noticed a deep elf sorcerer
 31787 | D:13     | Killed a deep elf sorcerer
 31805 | D:13     | Identified the Compendium of Dark Magic and the Snowflakes
 31910 | D:13     | Identified the Papyrus of Damaging Feathers
 31912 | D:13     | Identified the Almanac of Displacement
 31946 | D:13     | Identified Riekkuar's Tome of Noxious Unholy Rituals
 32171 | D:13     | Reached skill level 13 in Short Blades
 32171 | D:13     | Reached XP level 16. HP: 97/97 MP: 13/26
 32371 | D:14     | Found Huryeg's Antique Weapon Emporium.
 32400 | D:14     | Found Gysmosar's Gadget Emporium.
 32400 | D:14     | Found Yckuiriqu's Armour Emporium.
 32400 | D:14     | Found Qissucez's Gadget Emporium.
 32451 | D:14     | Bought a smoking dagger for 196 gold pieces
 32451 | D:14     | Identified the +6 dagger "Roawn" {vorpal, MR+ Str-3 Dex+2
                  | SInv} (You bought it in a shop on level 14 of the Dungeon)
 32458 | D:14     | Bought a wand of acid (13) for 476 gold pieces
 32592 | D:14     | Identified the Catalogue of the Sinister Volcanoes
 33015 | D:14     | Reached skill level 6 in Spellcasting
 33035 | D:14     | Found a gate to the Vaults.
 33088 | D:14     | Reached skill level 8 in Dodging
 33088 | D:14     | Reached skill level 17 in Stealth
 33731 | D:15     | Entered Level 15 of the Dungeon
 33842 | D:15     | Found a staircase to the Depths.
 33849 | D:15     | Reached skill level 12 in Throwing
 34944 | D:15     | Found Lietanup's General Store.
 34979 | D:15     | Bought a scroll of magic mapping for 38 gold pieces
 34979 | D:15     | Bought a scroll of enchant weapon for 82 gold pieces
 35103 | D:15     | Reached skill level 7 in Spellcasting
 35659 | Elf:1    | Entered Level 1 of the Elven Halls
 35667 | Elf:1    | Learned a level 6 spell: Death Channel
 36258 | Elf:1    | Reached XP level 17. HP: 103/103 MP: 30/30
 36398 | Elf:2    | Reached skill level 10 in Evocations
 36401 | Elf:2    | Found a huge runed translucent gate.
 36401 | Elf:2    | Found a huge runed translucent gate.
 36401 | Elf:2    | Found a huge runed translucent gate.
 36401 | Elf:2    | Found a huge runed translucent gate.
 36402 | Elf:2    | Found a huge runed translucent gate.
 36405 | Elf:2    | Noticed a deep elf blademaster
 36499 | Elf:2    | Reached skill level 9 in Dodging
 36858 | Elf:2    | Reached skill level 14 in Short Blades
 37154 | Elf:2    | Killed a deep elf blademaster
 37259 | Elf:2    | Reached skill level 13 in Necromancy
 37288 | Elf:2    | Reached skill level 8 in Spellcasting
 37297 | Elf:2    | Reached skill level 18 in Stealth
 38058 | Elf:3    | Entered Level 3 of the Elven Halls
 38211 | Elf:3    | Found Elask's Antique Weapon Emporium.
 38632 | Elf:3    | Found Idghug's Distillery.
 38765 | Elf:3    | Bought a potion of might for 64 gold pieces
 38765 | Elf:3    | Bought 2 potions of haste for 320 gold pieces
 38765 | Elf:3    | Bought 2 potions of agility for 128 gold pieces
 38947 | Elf:3    | Found Ciozoc's Food Emporium.
 39140 | Elf:3    | Reached skill level 9 in Spellcasting
 39192 | Elf:3    | Noticed a Brimstone Fiend
 39406 | Elf:3    | Reached skill level 11 in Fighting
 39406 | Elf:3    | Reached skill level 10 in Dodging
 39746 | Elf:3    | Noticed a deep elf blademaster
 39761 | Elf:3    | Killed a deep elf blademaster
 39761 | Elf:3    | Reached XP level 18. HP: 110/110 MP: 30/33
 39956 | Elf:3    | Learned a level 6 spell: Simulacrum
 39964 | Elf:3    | Identified the +5 short sword "Ehottuuq" {antimagic, Str+7}
 39972 | Elf:3    | Identified the +3 long sword of Doom {venom, rF- rN+ Dex+8}
 40284 | Elf:3    | Reached skill level 15 in Short Blades
 40284 | Elf:3    | Reached skill level 1 in Ice Magic
 40338 | Elf:3    | Reached skill level 19 in Stealth
 40461 | Elf:3    | Reached skill level 13 in Throwing
 40748 | Elf:3    | Identified the Incunabulum of Dislocated Weightlessness
 41179 | Swamp:1  | Entered Level 1 of the Swamp
 41814 | Swamp:1  | Reached skill level 2 in Ice Magic
 42121 | Swamp:1  | Found the +7 Spriggan's Knife {stab, EV+4 Stlth+}
 42507 | Swamp:2  | Reached skill level 10 in Spellcasting
 43361 | Swamp:3  | Reached skill level 14 in Necromancy
 43402 | Swamp:3  | Reached skill level 3 in Ice Magic
 43507 | Swamp:3  | Found a shimmering altar of Xom.
 44101 | Swamp:4  | Entered Level 4 of the Swamp
 44636 | Swamp:4  | Reached skill level 11 in Dodging
 44665 | Swamp:4  | Reached XP level 19. HP: 71/115 MP: 19/35
 44889 | Swamp:4  | Learned a level 4 spell: Passage of Golubria
 44978 | Swamp:4  | Reached skill level 4 in Ice Magic
 45100 | Swamp:4  | Found a blossoming altar of Fedhas.
 45815 | Swamp:4  | Found a basalt altar of Yredelemnul.
 45828 | Swamp:4  | Got a decaying rune of Zot
 46321 | Lair:4   | Killed Torious's ghost
 46404 | Spider:1 | Entered Level 1 of the Spider Nest
 46571 | Spider:1 | Noticed Josephine
 46572 | Spider:1 | Noticed Agnes
 46605 | Spider:1 | Killed Josephine
 46614 | Spider:1 | Killed Agnes
 46939 | Spider:1 | You fall into a shaft and drop 1 floor!
 47260 | Spider:2 | Identified the +3 chain mail of the Heavens {rElec Regen+
                  | rCorr Str+4 Dex-4} (You found it on level 2 of the Spider
                  | Nest)
 47307 | Spider:2 | Got a flickering jade ring
 47319 | Spider:2 | Identified the ring "Cexatux" {*Tele Int+2 Dex+6} (You
                  | found it on level 2 of the Spider Nest)
 47343 | Spider:2 | Noticed Frances
 47391 | Spider:2 | Killed Frances
 47402 | Spider:2 | Identified the cursed +1 robe "Sepporuz" {Str+4}
 47650 | Spider:2 | Reached skill level 20 in Stealth
 47650 | Spider:2 | Reached skill level 4 in Translocations
 47896 | Spider:2 | Reached skill level 11 in Spellcasting
 48132 | Spider:3 | Reached skill level 5 in Ice Magic
 48560 | Spider:3 | Reached skill level 11 in Evocations
 48575 | Spider:3 | Reached skill level 16 in Short Blades
 48699 | Spider:3 | Noticed Aizul
 48728 | Spider:3 | Killed Aizul
 49339 | Spider:4 | Entered Level 4 of the Spider Nest
 49645 | Spider:4 | Noticed Arachne
 49656 | Spider:4 | Killed Arachne
 49656 | Spider:4 | Reached XP level 20. HP: 103/121 MP: 37/37
 49929 | Spider:4 | Got a gossamer rune of Zot
 49979 | Spider:4 | Reached skill level 5 in Translocations
 50326 | Vaults:1 | Entered Level 1 of the Vaults
 50344 | Vaults:1 | Found a ruined gateway.
 50364 | Desolati | Entered the Desolation of Salt
 50475 | Desolati | Found the +3 warlock's mirror {reflect}
 50540 | Desolati | Identified Piudwa's Disquisition on Creation and Execration
 50562 | Desolati | Identified the ring "Cety" {*Slow rC+ MR++ Dex+4} (You
                  | found it in the Desolation of Salt)
 50564 | Desolati | Got a brightly glowing helmet
 50575 | Desolati | Identified the +0 helmet of Yridycuq {rN+ Str+3} (You found
                  | it in the Desolation of Salt)
 50652 | Desolati | Reached skill level 6 in Ice Magic
 50706 | Desolati | Reached skill level 12 in Dodging
 51095 | Desolati | Identified the Reference Book on Virous Curses
 51101 | Desolati | Got a pitted plate armour
 51112 | Desolati | Identified the +3 plate armour of Perpetual Drought {rN+++
                  | Regen+ Int-3 Dex+6} (You found it in the Desolation of
                  | Salt)
 51630 | Desolati | Reached skill level 12 in Fighting
 51649 | Desolati | Reached skill level 15 in Necromancy
 51713 | Desolati | Identified Sif Muna's Guide on Aerial Fire
 52287 | Vaults:1 | Reached skill level 12 in Spellcasting
 52435 | Vaults:1 | Reached skill level 6 in Translocations
 52481 | Vaults:1 | Found Nierph's Gadget Emporium.
 52496 | Vaults:1 | Bought a wand of clouds (7) for 495 gold pieces
 52496 | Vaults:1 | Bought a wand of acid (7) for 330 gold pieces
 52652 | Vaults:1 | Reached skill level 14 in Throwing
 52966 | Vaults:1 | Reached skill level 21 in Stealth
 53335 | Vaults:2 | Reached skill level 7 in Ice Magic
 53400 | Vaults:2 | Reached XP level 21. HP: 78/127 MP: 11/39
 53503 | Vaults:2 | Paralysed by a hornet for 1 turns
 53550 | Vaults:2 | Noticed Margery
 53670 | Vaults:2 | Killed Margery
 53670 | Vaults:2 | Reached skill level 1 in Armour
 54025 | Vaults:2 | Reached skill level 17 in Short Blades
 54025 | Vaults:2 | Reached skill level 12 in Evocations
 54033 | Vaults:2 | Identified the +8 demon whip of Usitusoocu {venom, rC+
                  | Int+4 Dex+3} (You found it on level 2 of the Vaults)
 54212 | Vaults:2 | Found a staircase to the Crypt.
 54572 | Vaults:2 | Reached skill level 2 in Armour
 55595 | Vaults:3 | Found Ihepneum's Food Boutique.
 55869 | Vaults:3 | Reached skill level 5 in Shields
 56003 | Vaults:3 | Reached skill level 13 in Dodging
 56124 | Vaults:3 | Reached skill level 8 in Ice Magic
 57202 | Crypt:1  | Entered Level 1 of the Crypt
 57206 | Crypt:1  | Reached skill level 3 in Armour
 57352 | Crypt:1  | Reached XP level 22. HP: 88/133 MP: 31/40
 58490 | Crypt:2  | Reached skill level 22 in Stealth
 58901 | Crypt:3  | Entered Level 3 of the Crypt
 59591 | Crypt:3  | Reached skill level 4 in Armour
 59591 | Crypt:3  | Reached skill level 16 in Necromancy
 59923 | Crypt:3  | Identified the ring of Boararak {rN+ Str+6 Int+2} (You
                  | found it on level 3 of the Crypt)
 59924 | Crypt:3  | Identified the ring of Terra Nullius {rPois rN+ Str-5 SInv}
                  | (You found it on level 3 of the Crypt)
 60158 | Crypt:3  | Noticed an ancient lich
 60160 | Crypt:3  | Noticed an ancient lich
 60161 | Crypt:3  | Killed an ancient lich
 60161 | Crypt:3  | Reached skill level 6 in Shields
 60168 | Crypt:3  | Killed an ancient lich
 60902 | Crypt:3  | Found a staircase to the Tomb.
 60902 | Crypt:3  | Noticed a greater mummy
 60912 | Crypt:3  | Killed a greater mummy
 60912 | Crypt:3  | Reached skill level 18 in Short Blades
 61091 | Crypt:3  | Reached skill level 13 in Evocations
 61168 | Crypt:3  | Found an ancient bone altar of Kikubaaqudgha.
 62598 | Depths:1 | Entered Level 1 of the Depths
 62657 | Depths:1 | Reached XP level 23. HP: 139/139 MP: 38/41
 63146 | Depths:1 | Found a gateway to Hell.
 63328 | Depths:1 | Reached skill level 13 in Fighting
 63400 | Depths:1 | Found a one-way gate leading to the halls of Pandemonium.
 63893 | Depths:1 | Found a runed translucent gate.
 63893 | Depths:1 | Found a runed translucent gate.
 63893 | Depths:1 | Found a runed translucent gate.
 63894 | Depths:1 | Found the +2 Maxwell's thermic engine {flame, freeze}
 63894 | Depths:1 | Found a runed translucent gate.
 63894 | Depths:1 | Found a runed translucent gate.
 63894 | Depths:1 | Found a runed translucent gate.
 64254 | Depths:2 | Reached skill level 15 in Throwing
 64535 | Depths:1 | Reached skill level 5 in Armour
 64535 | Depths:1 | Reached skill level 14 in Dodging
 64710 | Depths:1 | Reached skill level 13 in Spellcasting
 65365 | Depths:1 | Killed from afar by a Brimstone Fiend

Levels and vault maps discovered:
D:1:      dpeg_arrival_rhombi, layout_basic, serial_co_window_serial,
          co_window_cross_1, co_window_corner_a, co_window_paths_b,
          co_window_paths_b, co_window_paths_a, co_window_of_opportunity_b,
          co_window_corner_ca, co_window_corner_ca, co_window_2corner,
          co_window_sun, co_window_4corner_a, glass_columns_a, glass_columns_a,
          glass_columns_a, glass_columns_c
D:2:      layout_loops_ring, lemuel_statue_altar
D:3:      layout_rooms, nicolae_gozag_cash_rules_everything_around_me,
          kennysheep_generic_room_12
D:4:      layout_basic, kennysheep_mini_moat, first_ration,
          hellmonk_ghost_happy_afterlife
D:5:      layout_layer_cave, kennysheep_mini, basic_altar, chequers_garden,
          uniq_blork_the_orc, uniq_prince_ribbit1
D:6:      layout_gridville, minmay_temple_entry_wispy,
          minmay_a_box_with_orc_wizards_in_it
D:7:      layout_basic, serial_shops, shop
D:8:      cheibrodos_shockbox, layout_basic, erik_lair_orcish_takeover,
          lemuel_mausoleum_altar_yredelemnul
D:9:      layout_irregular_city, grunt_temple_overflow_open,
          minmay_orc_entry_temple_small, uniq_erica, uniq_grum
D:10:     layout_basic
D:11:     layout_gridville, enter_bailey_1, hangedman_pestilent_swarm
D:12:     layout_loops_ring, serial_undead, serial_undead_d, serial_undead_d,
          serial_undead_f, serial_undead_d, serial_undead_d
D:13:     evilmike_library_of_no_secrets, layout_irregular_city,
          portal_ice_cave_demonic_guard, kennysheep_generic_room_7
D:14:     layout_loops_ring, erik_vaults_2, minmay_misc_feat_x,
          minmay_shop_grid_forest, minmay_evil_grid
D:15:     grunt_enter_depths_hoard, layout_long_grid, serial_shops,
          nicolae_shop_behind_doors
Temple:   regret_index_temple_waves
Lair:1:   layout_roguey, gauntlet_entry_generic, lemuel_old_faithful,
          serial_bayou_shore_a, grunt_megastairs_2, lemuel_fruit_fields
Lair:2:   layout_chaotic_city, dummy_spider_entry, wad_woods_antlair
Lair:3:   beast_lair_carwin_large_1, layout_chaotic_city, grunt_megastairs_5
Lair:4:   cheibrodos_lair_river_kwai, layout_regular_city,
          nicolae_swamp_entry_splash_gauntlet, gammafunk_ghost_ooze,
          st_stairs_11, columned_hall_lemuel, minivault_25, minivault_11,
          uniq_sonja
Lair:5:   layout_roguey, slime_altar_1, grunt_megastairs_1, lemuel_fruit_fields
Lair:6:   minmay_lair_end_frog_pond, layout_cave_pods, minmay_lair_oklob_chamber
Swamp:1:  layout_basic_swamp, infiniplex_staircase_pool_2, swamp_pool5,
          hangedman_swamp_dais
Swamp:2:  layout_basic_swamp, evilmike_swamp_ruin_rubble_1
Swamp:3:  layout_basic_swamp, nicolae_swamp_godswood, swamp_pool4
Swamp:4:  byrel_swamp_growth_death_and_undeath, layout_basic_swamp
Spider:1: layout_spider_delve, uniq_agnes, uniq_josephine
Spider:2: cheibrodos_spider_silkery, uniq_frances
Spider:3: layout_spider_delve, special_room [special_room_bee],
          nicolae_spider_webs_and_nodes, nicolae_spider_circle_web, drop_trap,
          uniq_aizul
Spider:4: grunt_spider_rune_circles, drop_trap, uniq_arachne
Orc:1:    layout_diamond_mine, uniq_erolcha, uniq_nergalle
Orc:2:    st_orc_ogre_mass, layout_diamond_mine, uniq_saint_roka
Elf:1:    elf_arrival_001, layout_rooms, minivault_28,
          serial_sigils_hangedman_writhe, small_statue_intersection
Elf:2:    layout_geoelf_octagon
Elf:3:    minmay_elf_hall_x, layout_geoelf_octagon, serial_shops,
          nicolae_shop_overgrown_old_shop, shop, shop
Vaults:1: nicolae_vaults_alarming, hangedman_vaults_nodes, vaults_dpeg_cross,
          nicolae_vaults_mini_display_case, nicolae_vaults_network_square,
          nicolae_vaults_little_ls, vaults_room_grunt_arrival_ludios,
          nicolae_vaults_theta, nicolae_vaults_network_s, grunt_vaults_diagonal,
          layout_vaults_omnibox, serial_shops, shop_coins,
          portal_desolation_entry_twin_temple
Vaults:2: ontoclasm_vaults_tryst, nicolae_vaults_big_ls, st_check,
          vaults_room_ringed_pool, ontoclasm_vaults_eye, hangedman_vaults_nails,
          minmay_crypt_entry_skeletal_spiral, v_misc_23,
          nicolae_vaults_what_the_h, v_pattern_3, hangedman_vaults_nails,
          nicolae_vaults_rhombus_5, nicolae_vaults_rhombus_6,
          ontoclasm_vaults_hangar, layout_vaults_maze_snakey, uniq_margery
Vaults:3: hangedman_vaults_capsules, vaults_room_fancy_cross,
          nicolae_vaults_network_quincunx
          [nicolae_vaults_network_quincunx_subvault,
          nicolae_vaults_network_quincunx_subvault,
          nicolae_vaults_network_quincunx_subvault,
          nicolae_vaults_network_quincunx_subvault,
          nicolae_vaults_network_quincunx_subvault], v_alt_pattern_2,
          nicolae_vaults_border_crossing, nicolae_vaults_network_star,
          grunt_vaults_funnel, nicolae_vaults_little_squares_2,
          layout_vaults_omnigrid, serial_shops, shop
Crypt:1:  layout_gridlike
Crypt:2:  layout_gridlike, hex_medium, st_stairs_12, grunt_ministairs_2
Crypt:3:  evilmike_haunted_forest
Depths:1: layout_roguey, grunt_pan_entry_zigzag, hangedman_decor_cross_pass,
          hell_entry, grunt_ministairs_13, minmay_misc_feat_plants,
          brannock_guarded_unrand_thermic_engine, serial_bayou_shore_b
Depths:2: lemuel_river_lethe, hell_entry

Skill      XL: |  1  2  3  4  5  6  7  8  9 10 11 12 13 14 15 16 17 18 19 20 21 22 23 |
---------------+----------------------------------------------------------------------+-----
Stealth        | 5 6 7 8 9 10 11 13 14 15 16 17 18 19 20 21 22 | 22.8
Fighting       | 2 3 4 5 6 7 8 9 10 11 12 13 | 13.0
Throwing       | 3 4 5 6 7 9 10 11 12 13 14 15 | 15.0
Short Blades   | 3 4 5 6 7 8 9 11 12 13 14 15 16 17 18 | 18.4
Shields        | 1 2 3 4 5 6 |  6.7
Necromancy     | 4 6 7 9 10 11 12 13 14 15 16 | 16.5
Spellcasting   | 2 4 5 7 9 10 11 12 13 | 13.0
Translocations | 2 3 4 6 |  6.0
Evocations     | 2 5 6 8 9 10 11 12 13 | 13.3
Dodging        | 3 6 7 8 10 11 12 13 14 | 14.0
Ice Magic      | 3 5 7 8 |  8.0
Armour         | 3 4 5 |  5.1

Action                   |  1- 3 |  4- 6 |  7- 9 | 10-12 | 13-15 | 16-18 | 19-21 | 22-24 || total
-------------------------+-------+-------+-------+-------+-------+-------+-------+-------++-------
Melee: Dagger            |    75 |   233 |   440 |  1363 |   988 |       |       |       ||  3099
       Scimitar          |       |       |       |    13 |       |       |       |       ||    13
       Quick blade       |       |       |       |       |   357 |  1167 |   975 |   382 ||  2881
       Knife             |       |       |       |       |       |    99 |   585 |   730 ||  1414
       Demon blade       |       |       |       |       |       |     8 |    67 |    79 ||   154
 Fire: Hunting sling     |       |       |       |   114 |       |       |       |       ||   114
Throw: Dart              |    33 |    13 |    77 |    39 |       |       |       |     2 ||   164
       Stone             |       |     2 |       |       |       |       |       |       ||     2
       Boomerang         |       |       |       |    29 |   198 |   175 |    84 |    84 ||   570
       Throwing net      |       |       |       |     1 |       |     1 |     5 |       ||     7
       Javelin           |       |       |       |       |       |       |       |    26 ||    26
 Cast: Corpse Rot        |       |       |     2 |    16 |     6 |     4 |       |       ||    28
       Dispel Undead     |       |       |       |     7 |    25 |    17 |    41 |    63 ||   153
       Animate Dead      |       |       |       |    11 |    20 |     3 |    12 |       ||    46
       Vampiric Draining |       |       |       |    21 |   123 |    58 |    63 |     7 ||   272
       Agony             |       |       |       |       |     2 |     2 |     4 |       ||     8
       Apportation       |       |       |       |       |     4 |     2 |     2 |     1 ||     9
       Death Channel     |       |       |       |       |       |     5 |    27 |     6 ||    38
       Blink             |       |       |       |       |       |     5 |     7 |    11 ||    23
       Simulacrum        |       |       |       |       |       |     3 |    12 |     1 ||    16
       Passage of Golubr |       |       |       |       |       |       |     1 |       ||     1
Invok: Receive Corpses   |       |       |       |    10 |     2 |       |     4 |     1 ||    17
       Torment           |       |       |       |       |     1 |       |       |       ||     1
       Brand Weapon With |       |       |       |       |     1 |       |       |       ||     1
 Abil: Evoke Flight      |       |       |       |     3 |       |       |       |       ||     3
       Evoke Invisibilit |       |       |       |     6 |    14 |    23 |    28 |    13 ||    84
Evoke: Wand              |       |       |       |     6 |    17 |    12 |     4 |     4 ||    43
       Lamp of fire      |       |       |       |       |     1 |       |       |       ||     1
  Use: Scroll            |     2 |     4 |     2 |    14 |    16 |    13 |     9 |     3 ||    63
       Potion            |       |       |       |     4 |     3 |     2 |     1 |     2 ||    12
 Stab: Sleeping          |    13 |    12 |    30 |    59 |    82 |   118 |   276 |   130 ||   720
       Distracted        |     1 |       |     1 |     2 |     7 |     9 |    12 |    12 ||    44
       Invisible         |       |       |       |    13 |    29 |    51 |    28 |    22 ||   143
       Held in net/web   |       |       |       |     1 |       |     1 |       |       ||     2
       Paralysed         |       |       |       |       |     3 |       |     1 |       ||     4
  Eat: Chunk             |     4 |     9 |    14 |    25 |    38 |    37 |    31 |     8 ||   166
       Ration            |       |       |     1 |     4 |     6 |     4 |     9 |     7 ||    31
Armor: Robe              |    16 |    63 |    81 |    58 |   149 |    96 |   118 |    70 ||   651
       Troll leather arm |       |       |    26 |   201 |       |       |       |       ||   227
Dodge: Dodged            |    48 |   123 |   215 |   497 |   545 |   506 |   824 |   705 ||  3463
Block: Buckler           |       |    43 |   117 |   334 |   285 |   191 |   346 |   371 ||  1687
       Reflection        |       |       |       |       |       |       |    21 |    15 ||    36
       Rpst.: Scimitar   |       |       |       |     1 |       |       |       |       ||     1
       Demon blade       |       |       |       |       |       |       |     6 |    11 ||    17

Table legend:
 A = Non-vault XP
 B = Vault XP
 C = Vault XP percentage of total XP
 D = Non-vault monster count
 E = Vault monster count
 F = Vault count percentage of total count
                 A         B        C        D         E       F
            +---------+---------+-------+---------+---------+-------
      Total |  411206 |  499475 |  54.8 |    1289 |     965 |  42.8
            +---------+---------+-------+---------+---------+-------
        D:1 |      48 |       0 |   0.0 |      32 |       0 |   0.0
        D:2 |     104 |       0 |   0.0 |      16 |       0 |   0.0
        D:3 |     128 |      13 |   9.2 |      25 |       1 |   3.8
        D:4 |     226 |      48 |  17.5 |      15 |       1 |   6.2
        D:5 |     614 |     487 |  44.2 |      20 |       5 |  20.0
        D:6 |    1996 |     116 |   5.5 |      30 |       3 |   9.1
        D:7 |     782 |     375 |  32.4 |      12 |       2 |  14.3
        D:8 |    1710 |    2627 |  60.6 |      25 |      28 |  52.8
        D:9 |    2235 |     612 |  21.5 |      21 |       8 |  27.6
       D:10 |     819 |       0 |   0.0 |      24 |       0 |   0.0
       D:11 |    5397 |     772 |  12.5 |      37 |       4 |   9.8
       D:12 |    5185 |    2293 |  30.7 |      27 |      14 |  34.1
       D:13 |    5458 |   13929 |  71.8 |      29 |      25 |  46.3
       D:14 |    8603 |   12380 |  59.0 |      43 |      16 |  27.1
       D:15 |   22623 |    1996 |   8.1 |      46 |       2 |   4.2
     Lair:1 |    3761 |     282 |   7.0 |      24 |       2 |   7.7
     Lair:2 |    5935 |    1884 |  24.1 |      27 |      13 |  32.5
     Lair:3 |    7886 |    1679 |  17.6 |      23 |      13 |  36.1
     Lair:4 |    5835 |    6598 |  53.1 |      12 |      18 |  60.0
     Lair:5 |    2635 |    5547 |  67.8 |      13 |      11 |  45.8
     Lair:6 |    7525 |   14527 |  65.9 |      32 |      56 |  63.6
    Swamp:1 |    8127 |    5641 |  41.0 |      26 |      11 |  29.7
    Swamp:2 |    8383 |       0 |   0.0 |      23 |       0 |   0.0
    Swamp:3 |   20219 |       0 |   0.0 |      43 |       0 |   0.0
    Swamp:4 |   13279 |   20760 |  61.0 |      44 |      40 |  47.6
   Spider:1 |   16014 |    1951 |  10.9 |      61 |       6 |   9.0
   Spider:2 |   11506 |    7363 |  39.0 |      40 |      15 |  27.3
   Spider:3 |   21993 |    3213 |  12.7 |      81 |      28 |  25.7
   Spider:4 |    7603 |   21633 |  74.0 |      29 |      39 |  57.4
      Orc:1 |    4994 |    1937 |  27.9 |      37 |       3 |   7.5
      Orc:2 |    1726 |   24666 |  93.5 |      25 |      46 |  64.8
      Elf:1 |    6016 |    7348 |  55.0 |      11 |      14 |  56.0
      Elf:2 |   12408 |   22481 |  64.4 |      19 |      26 |  57.8
      Elf:3 |   23000 |   43922 |  65.6 |      39 |      31 |  44.3
   Vaults:1 |   10864 |   22737 |  67.7 |      25 |      36 |  59.0
   Vaults:2 |   24124 |   49998 |  67.5 |      40 |      65 |  61.9
   Vaults:3 |   34292 |   19232 |  35.9 |      68 |      31 |  31.3
    Crypt:1 |   33440 |       0 |   0.0 |      46 |       0 |   0.0
    Crypt:2 |   18293 |    6193 |  25.3 |      29 |       5 |  14.7
    Crypt:3 |       0 |   76878 | 100.0 |       0 |     109 | 100.0
   Depths:1 |   45420 |   23952 |  34.5 |      70 |      44 |  38.6
   Depths:2 |       0 |    3839 | 100.0 |       0 |      15 | 100.0
     Bailey |       0 |     920 | 100.0 |       0 |      27 | 100.0
      IceCv |       0 |   11906 | 100.0 |       0 |      48 | 100.0
 Desolation |       0 |   53532 | 100.0 |       0 |      99 | 100.0
   Gauntlet |       0 |    3208 | 100.0 |       0 |       5 | 100.0
            +---------+---------+-------+---------+---------+-------
